 Dungeon Crawl Stone Soup version 0.18.1-47-g9310371 (webtiles) character file.

56 mindo the Conjurer (level 3, 0/19 HPs)
             Began as a Deep Elf Conjurer on June 16, 2016.
             Succumbed to an adder's poison
             ... on level 2 of the Dungeon.
             The game lasted 00:10:21 (1384 turns).

mindo the Conjurer (Deep Elf Conjurer)              Turns: 1384, Time: 00:10:21

Health: 0/19       AC:  2    Str:  5    XL:     3   Next: 71%
Magic:  1/10       EV: 13    Int: 20    God:
Gold:   59         SH:  0    Dex: 15    Spells: 2 memorised, 7 levels left

rFire  . . .     SeeInvis .     e - +0 short sword
rCold  . . .     Gourm    .     a - +0 robe
rNeg   . . .     Faith    .     (no shield)
rPois  .         Spirit   .     (no helmet)
rElec  .         Dismiss  .     (no cloak)
rCorr  .         Reflect  .     (no gloves)
SustAt .         Harm     .     (no boots)
MR     .....                    (no amulet)
Stlth  ++........               (no ring)
                                (no ring)

@: lethally poisoned (0 -> -5), not resistant to hostile enchantments,
unstealthy
A: no striking features
a: no special abilities


You were on level 2 of the Dungeon.
You were very hungry.

You visited 1 branch of the dungeon, and saw 2 of its levels.

You collected 59 gold pieces.

Inventory:

Hand Weapons
 e - a +0 short sword (weapon)
 i - a +0 dagger of venom
Armour
 a - a +0 robe (worn)
Scrolls
 d - a scroll of teleportation {unknown}
 f - 6 scrolls of identify {unknown}
 g - a scroll of fog {unknown}
 h - a scroll of remove curse {unknown}
 k - a scroll of amnesia {unknown}
 n - a scroll of blinking {unknown}
Potions
 j - a potion of brilliance {unknown}
 l - a potion of haste {unknown}
 m - a potion of degeneration {unknown}
Books
 b - a book of Conjurations

   Spells                             Type                      Level
   a - Magic Dart                     Conjuration                  1
   b - Searing Ray                    Conjuration                  2
   c - Dazzling Spray                 Conjuration/Hexes            3
   d - Fulminant Prism                Conjuration/Hexes            4
   e - Iskenderun's Mystic Blast      Conjuration                  4
   f - Iskenderun's Battlesphere      Conjuration/Charms           5
Comestibles
 c - a bread ration


   Skills:
 - Level 2.4 Dodging
 - Level 2.4 Stealth
 * Level 4.2 Spellcasting
 + Level 5.4 Conjurations


You had 7 spell levels left.
You knew the following spells:

 Your Spells              Type           Power        Failure   Level  Hunger
a - Magic Dart            Conj           ####         1%          1    None
b - Searing Ray           Conj           ####..       2%          2    #......


Dungeon Overview and Level Annotations

Branches:
Dungeon (2/15)

Altars:
Elyvilon
Fedhas
Gozag
Nemelex Xobeh
Pakellas
Trog
Zin


Message History

You feel sick. The adder barely misses you.
Casting: Magic Dart
Confirm with . or Enter, or press ? or * to list all spells.
Aiming: Magic Dart
Press: ? - help, Shift-Dir - straight line, f/p - adder
Aim: an adder (almost dead)
The magic dart hits the adder.
You kill the adder!
Casting: Magic Dart
Confirm with . or Enter, or press ? or * to list all spells.
You don't have enough magic to cast that spell.
Unknown command.
You hit the hobgoblin but do no damage.
You feel sick. The hobgoblin hits you.
* * * LOW HITPOINT WARNING * * *
* * * LOW HITPOINT WARNING * * *
You feel sick.
The hobgoblin hits you but does no damage.
* * * LOW HITPOINT WARNING * * *
You feel sick.
You die...

#.......†.<..#
#............#
#......).....#
#............#
#..........#.#
######.#########.#
g........# #g#
######.#.# #.#
.......#.# #@#
######.# # #....#
........ #.####
#.##.... # ....
.... ..##..... ..#
# ..# ..#


You could see a hobgoblin.

Vanquished Creatures
  Robin (D:2)
  An adder (D:2)
  A worm (D:2)
  A dart slug (D:1)
  8 goblins
  4 hobgoblins
  6 bats
  6 kobolds
  3 rats
31 creatures vanquished.

Notes
Turn   | Place    | Note
--------------------------------------------------------------
     0 | D:1      | mindo the Deep Elf Conjurer began the quest for the Orb.
     0 | D:1      | Reached XP level 1. HP: 10/10 MP: 6/6
   331 | D:1      | Reached XP level 2. HP: 14/15 MP: 4/8
   382 | D:1      | Reached skill level 5 in Conjurations
   386 | D:1      | Learned a level 2 spell: Searing Ray
   884 | D:2      | Found a sparkling altar of Nemelex Xobeh.
   886 | D:2      | Found a white marble altar of Elyvilon.
   887 | D:2      | Found a bloodstained altar of Trog.
   887 | D:2      | Found an opulent altar of Gozag.
   888 | D:2      | Found an oddly glowing altar of Pakellas.
   888 | D:2      | Found a blossoming altar of Fedhas.
   889 | D:2      | Found a glowing silver altar of Zin.
   914 | D:2      | Noticed Robin
  1202 | D:2      | Reached XP level 3. HP: 18/19 MP: 7/10
  1370 | D:2      | Killed Robin
  1384 | D:2      | Succumbed to an adder's poison

Skill      XL: |  1  2  3 |
---------------+----------+-----
Conjurations   | 5 |  5.4
Spellcasting   | 4 |  4.2
Dodging        | |  2.4
Stealth        | |  2.4

Action                   || total
-------------------------++-------
Melee: Short sword       ||     3
 Cast: Magic Dart        ||    73
       Searing Ray       ||     1
Armor: Robe              ||     8
Dodge: Dodged            ||    31
